Cogmind - Beta 9.2 @@@ ROGUE MODE // 2019.11.24 @ 14:34:01 Player: Fleshy Vegetable Bird Result: Self-destructed Performance ------------- Evolutions (2) 1000 Regions Visited (5) 1000 Robots Destroyed (16) 80 Value Destroyed (227) 227 Prototype IDs (0) 0 Alien Tech Used (0) 0 Bonus (234) 234 TOTAL SCORE: 2541 Bonus ------- Follower Combat Kills 234 Cogmind --------- Core Integrity 518/550 Matter 293/300 Energy 160/160 System Corruption 0% Temperature Cool (0) Movement Flying (111) Ox1 Location -8/Materials Parts ------- > --- POWER (1) -------- Light Nuclear Core > --- PROPULSION (4) --- Flight Unit Flight Unit Flight Unit Cesium-ion Thruster > --- UTILITY (4) ------ Large Storage Unit Weight Redist. System Advanced Visual Processing Unit > --- WEAPON (2) ------- Medium Laser Spread Laser > --- INVENTORY (10) --- Gravmag System Flight Unit Flight Unit Medium Storage Unit Particle Gun Beam Cannon Shock Bomb Launcher Rocket Launcher Makeshift Axe Peak State ------------ > --- POWER ------------ Light Nuclear Core > --- PROPULSION ------- Flight Unit Flight Unit Flight Unit Cesium-ion Thruster > --- UTILITY ---------- Large Storage Unit Weight Redist. System Advanced Visual Processing Unit > --- WEAPON ----------- Medium Laser Spread Laser > --- INVENTORY -------- Gravmag System Flight Unit Flight Unit Medium Storage Unit Particle Gun Beam Cannon Shock Bomb Launcher Rocket Launcher Makeshift Axe [Rating: 19] Favorites ----------- Power Ion Engine Engine Ion Engine Power Core Light Nuclear Core Propulsion Wheel Wheel Wheel Flight Unit Flight Unit Utility Large Storage Unit Device Weight Redist. System Storage Large Storage Unit Processor Advanced Visual Processing Unit Weapon Medium Laser Energy Gun Medium Laser Ballistic Gun Light Assault Rifle Slashing Weapon Makeshift Axe Build | -11 -10 -10 -10 -9 -8 ------- Run | Scr Mat Min Exi Min Mat Slots Evolved 4 | . . . . . 4 Power . | . . . . . . Propulsion 2 | . . . . . 2 Utility 2 | . . . . . 2 Weapon . | . . . . . . Parts Attached 27 | 8 . 3 2 4 10 Power 4 | 1 . 1 . . 2 Engine 3 | 1 . 1 . . 1 Core 1 | . . . . . 1 Reactor . | . . . . . . Propulsion 10 | 3 . 1 . 2 4 Treads . | . . . . . . Leg . | . . . . . . Wheel 4 | 3 . 1 . . . Hover . | . . . . . . Flight 6 | . . . . 2 4 Utility 6 | 2 . . 2 . 2 Device 1 | . . . . . 1 Storage 4 | 2 . . 2 . . Processor 1 | . . . . . 1 Hackware . | . . . . . . Protection . | . . . . . . Artifact . | . . . . . . Weapon 7 | 2 . 1 . 2 2 Energy Gun 4 | . . 1 . 1 2 Energy Cannon . | . . . . . . Ballistic Gun 2 | 2 . . . . . Ballistic Cannon . | . . . . . . Launcher . | . . . . . . Special Weapon . | . . . . . . Impact Weapon . | . . . . . . Slashing Weapon 1 | . . . . 1 . Piercing Weapon . | . . . . . . Special Melee Weapon . | . . . . . . Unidentified Prototypes . | . . . . . . Parts Lost 6 | . . 3 . 3 . Power 1 | . . 1 . . . Propulsion 3 | . . 1 . 2 . Utility . | . . . . . . Weapon 2 | . . 1 . 1 . Highest Loss Streak 3 | . . 2 . 3 . Average Slot Usage (%) 93 | . 100 99 100 89 74 Engine 13 | . 14 13 14 14 4 Wheel 17 | . 28 28 28 10 . Flight 10 | . . . . 17 35 Storage 26 | . 28 28 28 28 9 Energy Gun 10 | . . 4 14 13 9 Ballistic Gun 11 | . 28 23 14 5 . Naked Turns . | . . . . . . Heaviest Build 41 | 14 14 16 40 41 26 Greatest Support 26 | 26 20 20 20 20 22 Greatest Overweight (x) 12 | . . 1 1 12 1 Average Overweight (x) . | . . . . 2 . Largest Inventory Capacity 16 | 8 8 8 16 16 16 Average Capacity 12 | 6 8 8 9 16 10 Most Carried 10 | 4 2 4 5 9 10 Average Carried 5 | 1 2 2 3 7 7 Final Capacity 16 | 8 8 8 16 16 10 Final Carried 9 | 2 2 2 4 9 9 Class Distribution -------------------- 72% | Mutant 22% | Commander-Mutant 5% | Scavenger-Mutant Dominant Class ---------------- Mutant | -10/Materials Mutant | -10/Mines Commander-Mutant | -10/Exiles Mutant | -9/Mines Scavenger-Mutant | -8/Materials Resources | -11 -10 -10 -10 -9 -8 ----------- Run | Scr Mat Min Exi Min Mat Matter Collected 570 | 231 28 159 . 63 89 Remotely . | . . . . . . Salvage Created 563 | 83 40 86 176 102 76 Parts 37 | 3 5 6 5 11 7 Haulers Intercepted 1 | . . . . . 1 Recyclers Shooed 1 | . . 1 . . . Parts Field Recycled . | . . . . . . Retrieved Matter . | . . . . . . Parts Self-Destructed . | . . . . . . Prevented . | . . . . . . Kills | -11 -10 -10 -10 -9 -8 ------- Run | Scr Mat Min Exi Min Mat Combat Hostiles Destroyed 12 | . 3 3 . 5 1 Guns 12 | . 3 3 . 5 1 Classes Destroyed 7 | 2 1 1 . 1 2 Tunneler 2 | 1 . 1 . . . Hauler 1 | . . . . . 1 Recycler 1 | 1 . . . . . Swarmer 9 | . 3 2 . 4 . Grunt 1 | . . 1 . . . Brawler 1 | . . . . 1 . Sentry 1 | . . . . . 1 Best Kill Streak 4 | 1 3 2 . 4 1 Combat Bots Only 4 | . 3 2 . 4 1 Max Kills in Single Turn 2 | 1 1 1 . 2 1 Gunslinging . | . . . . . . Exploded . | . . . . . . Melee . | . . . . . . Uniques/NPCs Destroyed . | . . . . . . Combat | -11 -10 -10 -10 -9 -8 -------- Run | Scr Mat Min Exi Min Mat Damage Taken 633 | . 66 333 . 131 103 Core 105 | . . 66 . 7 32 Absorbed by Shields . | . . . . . . Core Remaining (%) 85 | 100 . . . 70 . Volleys Fired 78 | 9 6 19 24 11 9 Largest 2 | 2 2 2 1 2 2 Hottest 115 | 40 40 70 50 70 115 Shots Fired 124 | 18 12 38 24 20 12 Gun 124 | 18 12 38 24 20 12 Cannon . | . . . . . . Launcher . | . . . . . . Special . | . . . . . . Kinetic 71 | 18 12 32 . 9 . Thermal 53 | . . 6 24 11 12 Explosive . | . . . . . . Electromagnetic . | . . . . . . Robot Hit Streak 12 | 6 4 4 12 4 10 Robot Miss Streak 7 | 2 1 6 2 7 2 Penetration Max . | . . . . . . Secondary Targets 3 | . . 1 . 2 . Max Gunslinging Chain 1 | . . 1 . 1 . Shots Hit Robots 75 | 13 7 18 18 10 9 Core Hits 40 | 3 3 9 10 7 8 Critical Hits . | . . . . . . Critical Kills . | . . . . . . Critical Parts Destroyed . | . . . . . . Melee Attacks 23 | . . . . 23 . Impact . | . . . . . . Slashing 23 | . . . . 23 . Piercing . | . . . . . . Sneak Attacks . | . . . . . . Combat Hostiles . | . . . . . . Follow-up Attacks . | . . . . . . Damage Inflicted 864 | 106 68 190 237 124 139 Guns 859 | 106 68 186 237 124 138 Cannons . | . . . . . . Explosions . | . . . . . . Melee . | . . . . . . Ramming 5 | . . 4 . . 1 Kinetic 373 | 106 68 161 . 38 . Thermal 486 | . . 25 237 86 138 Explosive . | . . . . . . Electromagnetic . | . . . . . . Impact . | . . . . . . Slashing . | . . . . . . Piercing . | . . . . . . Highest Corruption . | . . . . . . Average Corruption . | . . . . . . Corruption Purged . | . . . . . . Overload Shots . | . . . . . . Overflow Damage . | . . . . . . Projectiles . | . . . . . . Explosions . | . . . . . . Melee . | . . . . . . Knockbacks . | . . . . . . Impact . | . . . . . . Kinetic . | . . . . . . Secondary . | . . . . . . Self-Inflicted Damage 2 | . . 2 . . . Shots . | . . . . . . Rammed 2 | . . 1 . . 1 Targets Rammed 2 | . . 1 . . 1 Kicked . | . . . . . . Crushed . | . . . . . . Highest Temperature 180 | . . 100 90 100 180 Average Temperature 44 | . . 45 31 46 64 Received Heat Transfer 125 | . . 60 . 38 27 Siege Activations . | . . . . . . Robots Corrupted . | . . . . . . Combat Hostiles . | . . . . . . Parts Fried . | . . . . . . Impact Corruptions . | . . . . . . Robots Melted . | . . . . . . Combat Hostiles . | . . . . . . Parts Melted . | . . . . . . Heat Transferred 1296 | . . 74 666 259 297 Parts Sabotaged . | . . . . . . Parts Stolen . | . . . . . . Parts Stripped . | . . . . . . Power Chain Reactions . | . . . . . . Missiles Intercepted . | . . . . . . Alert | -11 -10 -10 -10 -9 -8 ------- Run | Scr Mat Min Exi Min Mat Peak Influence 196 | 10 106 196 . 140 30 Average Influence 49 | 5 55 82 . 40 9 Maximum Alert Level . | . . . . . . Low Security (%) 100 | 100 100 100 . 100 100 Level 1 . | . . . . . . Level 2 . | . . . . . . Level 3 . | . . . . . . Level 4 . | . . . . . . Level 5 . | . . . . . . High Security . | . . . . . . Max Security . | . . . . . . Squads Dispatched 4 | . 3 . . . 1 Investigation 1 | . 1 . . . . Extermination . | . . . . . . Reinforcement 3 | . 2 . . . 1 Assault . | . . . . . . Garrison . | . . . . . . Intercept . | . . . . . . Construction Impeded 1 | . . . . . 1 Haulers Reinforced . | . . . . . . Stealth | -11 -10 -10 -10 -9 -8 --------- Run | Scr Mat Min Exi Min Mat Distress Signals . | . . . . . . Communications Jammed . | . . . . . . Distress Signals . | . . . . . . Times Spotted 31 | . 5 10 . 13 3 Peak Tracking Total 4 | . 3 3 . 4 3 Tactical Retreats . | . . . . . . Traps | -11 -10 -10 -10 -9 -8 ------- Run | Scr Mat Min Exi Min Mat Traps Triggered 1 | . . . . . 1 Indirectly . | . . . . . . Trap Hack Attempts . | . . . . . . Triggered . | . . . . . . Disarmed . | . . . . . . Reprogrammed . | . . . . . . Reused . | . . . . . . Traps Extracted . | . . . . . . Installed . | . . . . . . Triggered . | . . . . . . Machines | -11 -10 -10 -10 -9 -8 ---------- Run | Scr Mat Min Exi Min Mat Machines Disabled . | . . . . . . Max in Single Turn . | . . . . . . Machines Sabotaged . | . . . . . . Garrisons Compromised . | . . . . . . Overloaded Fab Kills . | . . . . . . Fab Network Shutdowns . | . . . . . . Hacking | -11 -10 -10 -10 -9 -8 --------- Run | Scr Mat Min Exi Min Mat Machines Accessed 2 | . 1 . . 1 . Terminals 1 | . . . . 1 . Fabricators . | . . . . . . Repair Stations . | . . . . . . Recycling Units 1 | . 1 . . . . Scanalyzers . | . . . . . . Garrison Access . | . . . . . . Total Hacks 3 | . 1 . . 2 . Successful 2 | . 1 . . 1 . Failed 1 | . . . . 1 . Catastrophic . | . . . . . . Database Lockouts . | . . . . . . Manual 3 | . 1 . . 2 . Terminals 2 | . . . . 2 . Fabricators . | . . . . . . Repair Stations . | . . . . . . Recycling Units 1 | . 1 . . . . Scanalyzers . | . . . . . . Garrison Access . | . . . . . . Terminal Hacks 1 | . . . . 1 . Part Schematic 1 | . . . . 1 . Fabricator Hacks . | . . . . . . Repair Station Hacks . | . . . . . . Recycling Unit Hacks . | . . . . . . Scanalyzer . | . . . . . . Garrison Access Hacks . | . . . . . . Unauthorized Hacks 2 | . 2 . . . . Terminals . | . . . . . . Fabricators . | . . . . . . Repair Stations . | . . . . . . Recycling Units 1 | . 1 . . . . Tunnel 1 | . 1 . . . . Scanalyzers . | . . . . . . Garrison Access . | . . . . . . Data Cores Recovered . | . . . . . . Used . | . . . . . . Hacking Detections 1 | . . . . 1 . Full Trace Events . | . . . . . . Feedback Events . | . . . . . . Feedback Blocked . | . . . . . . Robot Schematics Acquired . | . . . . . . Robots Built . | . . . . . . Matter . | . . . . . . Time . | . . . . . . Total Robot Build Rating . | . . . . . . Part Schematics Acquired 1 | . . . . 1 . Parts Built . | . . . . . . Matter . | . . . . . . Time . | . . . . . . Total Part Build Rating . | . . . . . . Parts Repaired . | . . . . . . Time . | . . . . . . Parts Recycled . | . . . . . . Recycled Matter . | . . . . . . Retrieved Matter . | . . . . . . Retrieved Components . | . . . . . . Parts Scanalyzed . | . . . . . . Part Schematics Acquired . | . . . . . . Parts Damaged . | . . . . . . Bothacking | -11 -10 -10 -10 -9 -8 ------------ Run | Scr Mat Min Exi Min Mat Used RIF Installer . | . . . . . . Robots Hacked . | . . . . . . Non-combat . | . . . . . . Combat . | . . . . . . Robot Hacks Applied . | . . . . . . Relay Couplers Released . | . . . . . . Robots Rewired 3 | . . . 3 . . Allies Hacked . | . . . . . . Hacks Repelled . | . . . . . . Allies | -11 -10 -10 -10 -9 -8 -------- Run | Scr Mat Min Exi Min Mat Total Allies 6 | . . 3 3 . . Largest Group 4 | . . 3 4 4 2 Highest-Rated Group 66 | . . 40 66 66 37 Highest-Rated Ally 21 | . . 16 21 21 21 Total Orders . | . . . . . . Ally Attacks 63 | . . 27 . 33 3 Total Damage 839 | . . 261 . 511 67 Kills 17 | . . 8 . 9 . Allies Corrupted . | . . . . . . Allies Melted . | . . . . . . Intel | -11 -10 -10 -10 -9 -8 ------- Run | Scr Mat Min Exi Min Mat Robot Analysis Total . | . . . . . . Derelict Logs Recovered 2 | . . 1 . 1 . Drone Launches . | . . . . . . Drone Recoveries . | . . . . . . Exploration | -11 -10 -10 -10 -9 -8 ------------- Run | Scr Mat Min Exi Min Mat Turns Passed 3040 | 95 56 695 619 1413 162 Spaces Moved 2212 | 62 48 673 596 718 115 Core 12 | 9 . . . 3 . Treads . | . . . . . . Legs . | . . . . . . Wheels 1842 | 53 48 673 596 472 . Hover . | . . . . . . Flight 358 | . . . . 243 115 Fastest Speed 31 | 50 80 80 80 90 31 Average Speed 114 | 81 80 80 81 183 94 Slowest Speed 760 | 90 80 90 90 760 111 Overloaded Moves . | . . . . . . Propulsion Burnouts . | . . . . . . Robots Hopped 1 | . . . . . 1 Cave-ins Triggered . | . . . . . . Exploration Rate (%) 53 | 5 13 99 88 95 20 Regions Visited 5 Branch Regions 3 Pre-discovered Areas 3 | . 1 1 . 1 . Known Exits Taken . | . . . . . . Unknown Exits Taken 5 | 1 1 1 1 1 . Scrap Searched 3 | . . 1 . 2 . Spaces Dug 4 | . . . . 4 . Terrain Destroyed 4 | . . . . 4 . Melee 4 | . . . . 4 . Projectile . | . . . . . . AOE . | . . . . . . Actions | -11 -10 -10 -10 -9 -8 --------- Run | Scr Mat Min Exi Min Mat Total 2568 | 89 54 794 706 770 155 Wait 143 | . 1 96 30 8 8 Move 2205 | 61 47 672 595 717 113 Hop 1 | . . . . . 1 Pick Up 32 | 10 . 3 4 7 8 Fast Attach . | . . . . . . Attach 18 | 7 . 3 . 2 6 Detach 1 | . . . . . 1 Swap 9 | 1 . . 2 2 4 Drop 7 | 1 . . 2 . 4 Fire 78 | 9 6 19 24 11 9 Melee 23 | . . . . 23 . Ram 2 | . . 1 . . 1 Kick . | . . . . . . Crush . | . . . . . . Escape Stasis . | . . . . . . Rewire 49 | . . . 49 . . Trap . | . . . . . . Miscellaneous . | . . . . . . Route ------- -11/Scrapyard -10/Materials -10/Mines (discovered 3 exits: [*Mat x2] / [*Exi]) -10/Exiles -9/Mines (discovered 2 exits: [*Mat x2]) -8/Materials (discovered 2 exits: Fac x2) History --------- Turn | Location | Event 6 | -11/Scrapyard | Discovered new exit (range 15) 96 | -11/Scrapyard | Entered Materials 145 | -10/Materials | Discovered new exit (range 10) 152 | -10/Materials | Entered Mines 153 | -10/Mines | Met a Derelict bent on vengeance 162 | -10/Mines | Assisted by bots powering up and referring to "LRC-V3" 175 | -10/Mines | Discovered new exit (range 8) 202 | -10/Mines | Deemed a non-threat by the Exiles lab entrance 203 | -10/Mines | Discovered new exit (range 5) 290 | -10/Mines | Discovered new exit (range 8) 312 | -10/Mines | Build established: Mutant 324 | -10/Mines | Learned 4 Materials zone layouts 332 | -10/Mines | Learned location of Storage (-9) 847 | -10/Mines | Entered Exiles 847 | -10/Exiles | Found Exiles lab destroyed 847 | -10/Exiles | Accompanied by 1 ally 1284 | -10/Exiles | Build established: Commander-Mutant 1423 | -10/Exiles | Discovered new exit (range 14) 1466 | -10/Exiles | Entered Mines 1466 | -9/Mines | Accompanied by 4 allies 1478 | -9/Mines | Received a Rocket Launcher from a helpful Derelict 1577 | -9/Mines | Excavation squad dispatched 1577 | -9/Mines | A large section of the Mines collapsed 1741 | -9/Mines | Discovered new exit (range 10) 1791 | -9/Mines | Discovered new exit (range 13) 1960 | -9/Mines | Build established: Mutant 2005 | -9/Mines | Lost 3 parts (2n1w) 2879 | -9/Mines | Entered Materials 2879 | -8/Materials | Accompanied by 2 allies 2879 | -8/Materials | Evolved 4 slots: Propulsion x2, Utility x2 2880 | -8/Materials | Identified exit to Factory 3041 | -8/Materials | Self-destructed Last Messages --------------- 02951_ U-05 Engineer lays Concrete. 02952_ Acquired Spread Laser. 02953_ Acquired Beam Cannon. 02955_ U-05 Engineer repairs door. 02963_ Dropped Lgt. Ion Engine. 02964_ K-01 Serf collects debris. 02978_ Acquired Shock Bomb Launcher. 02983_ Trooper 1a destroyed. 02986_ Slug penetrates Y-45 Defender. 02992_ Dropped Flight Unit. 02993_ Acquired Cesium-ion Thruster. 02998_ Acquired Flight Unit. 03012_ Y-45 Defender destroyed. 03012_ Door malfunctions. 03015_ Acquired 36 matter. 03022_ Acquired 53 matter. 03034_ K-01 Serf collects debris. 03039_ Slammed into U-05 Engineer. 03040_ ALERT: Construction progress impeded, dispatching reinforcements to local area. Map ----- +----------------------------------------------------+ | ??????????#""" #????????????????????? | | ??????????#""" #????????????????????? | | ??????????#""" #????????????????????? | | ??????????# = #????????????????????? | | ??????????#####/####????????????????????? | | ?????######### * #??????????????????????? | | ?????# # #??????????????????????? | | ?????# !! # #??????????????????????? | | ?????# !! ;= ##########?????????????? | | ?????# # * # #?????????????? | | ?????# #[ # #?????????????? | | ????########## # [ #?????????????? | | ????#! # # #?????????????? | | ????# """ [ # # "" #?????????????? | | ????#! """ # # ] """ #?????????????? | | ????# """ + %; R" #?????????????? | | ????#/ # =# """ #?????????????? | | ????# """ ??# #] | #????????????? | | ????#! ""????# *###########????????????? | | ????# ??????# # ! #???????????????? | | ????#????????# # #??????#????????? | | ????#???##???# # #????? #????????? | | ????? ???# # ][ #???? #????????? | | ????# """??# # #??? ?????????? | | ????# """??# # #?? ??????????? | | ????? """ ?# @###/######/############# | | ?????? ?# %!! | | ????? """ # u g !! | | ????# """ # g | | ????# """ + ##########/###########?? | | ????# # #?????????? ??????????? | | ????########## #???????????? #????????? | | ????# = #### #??????????????????????? | | ????# #??????????????????????? | | ????# #??????????????????????? | | ????# ! #??????????????????????? | | ????# #####+##??????????????????????? | | ????## ##?? ??????????????????????? | | ?????# #? ????????????????????? | | ?????# ## ??????????????????? | | ?????# ## ! ????????????????? | | ?????# ## ! #???????????????? | | ###??# ## !#???????????????? | | # ?# ################???????????????? | | # ?# #? #???????????????????????? | | # ] # #! ! #???????????????????????? | | # # # #???????????????????????? | | # + + """ #???????????????????????? | | # # # """ #???????????????????????? | | # #*! # """ #???????????????????????? | +----------------------------------------------------+ Best States ------------- Heat Dissipation 31 Energy Generation 14 Energy Capacity 250 Matter Stores 300 Matter Capacity 300 Sight Range 20 Terrain Scan Density 10 Additional Mass Support 6 Evasion (%) 50 Item Schematics ----------------- Lrg. Storage Unit | -9/Mines | Hacked Robot Schematics ------------------ None Fabricated ------------ Nothing Alien Tech Used ----------------- None Achievements -------------- None Challenges ------------ None Game ------ Seed HugeLinearAxe Manual? 0 Play Time 00:17:31 Cumulative 187.3 hours Start 2019.11.24 @ 14:19:27 End 2019.11.24 @ 14:34:01 Sessions 1 Manual Loads 0 Difficulty Rogue Special Mode None Game No. 260 Rogue 260 Adventurer 0 Explorer 0 Win Type - Total 1 Types 1/0/0/0/0/0/0 Lore% 51 Gallery% 71 Achievement% 48 Wizard Run 0 Options --------- ASCII 0 Keyboard 0 Movement Numpad Keybinds 0 Fullscreen 1 Font 16/Terminus Map View 75x55 Tactical HUD 1 Map Filters NONE Filters NONE Steam 1 RUN: 30496570-056e-4d9a-bfc7-d8c43ba821bc